Unix NetHack Version 5.0.0-0 post-release - last build Jun 10 2026 00:39:30 (3ee93aec679c4c4259841fe613dc97188e26a321,branch:main).

Game began 2026-07-05 08:41:26, ended 2026-07-05 09:34:48.

DiePARTEI, neutral male human Tourist

                          -----------          ----
                          |.........|   -------->0--
                          |.........|   |..........|
                          |.........|   |.-.-----..|
                          |....<....|   |0..|.00|..|
                          |.........|   |-.00......|
                          |.:.......|   |*.|.......|
                          |Yd.......|   |.--..----.|
                          |.........|  --.|........|
                          |Y------------%....-.---0|
                          |@............^..-...|...|
                          ----------------.........|
                                         |..|0.-----
                                         -------

DiePARTEI the Excursionist  St:8 Dx:13 Co:14 In:15 Wi:13 Ch:16  Neutral
Dlvl:5  $:2980 HP:0(68) Pw:38(38) AC:0  Xp:7 T:5968  Burdened

Latest messages:
 The yeti hits again!
 The yeti misses!
 The yeti hits!
 The yeti misses!
 The yeti misses!
 You hit the yeti.
 The yeti hits!
 The yeti just misses!
 The yeti bites!
 The dwarf lord zaps a maple wand!
 The magic missile misses the yeti.
 The magic missile whizzes by you!
 The magic missile bounces!
 The magic missile whizzes by you!
 The magic missile misses the yeti.
 The magic missile misses the dwarf lord.
 The magic missile misses the dingo.
 What do you want to zap? [EJ or ?*] E
 Nothing happens.
 The yeti hits!
 The yeti misses!
 The yeti bites!
 The yeti misses!
 The yeti hits!
 The yeti bites!
 What do you want to name? [b-dfh-jnprvyBDEGJ-LP-TZ or ?*] E
 What do you want to name this wand of striking? mprty
 You hit the yeti.
 The yeti hits!
 The yeti hits again!
 The yeti bites!
 You hit the yeti.
 You hit the yeti.
 The yeti hits!
 The yeti hits again!
 The yeti misses!
 The yeti misses!
 The yeti hits!
 The yeti misses!
 Are you sure you want to pray? [yn] (n) y
 You begin praying to The Lady.
 The yeti hits!
 The yeti hits again!
 The yeti bites!
 You die...
 Do you want your possessions identified? [ynq] (y) y
 Do you want to see your attributes? [ynq] (y) y
 Do you want an account of creatures vanquished? [ynaq] (y) y
 Do you want to see your conduct and achievements? [ynq] (y) y
 Do you want to see the dungeon overview? [ynq] (y) y

Inventory:
 Coins    ('$')
  $ - 2980 gold pieces
 Armor    ('[')
  Z - an uncursed +1 dwarvish iron helm (being worn)
  d - an uncursed +0 dwarvish cloak (being worn)
  h - an uncursed +1 Hawaiian shirt with a ukulele motif (being worn)
  T - an uncursed +0 banded mail (being worn)
 Comestibles  ('%')
  Q - an uncursed banana
  b - 8 uncursed food rations
  c - an uncursed tripe ration
  R - an uncursed lizard corpse
 Scrolls  ('?')
  D - 2 uncursed scrolls of blank paper
  n - a cursed scroll of confuse monster
  B - an uncursed scroll of destroy armor
  P - an uncursed scroll of earth
  v - an uncursed scroll of food detection
  G - 2 uncursed scrolls of gold detection
  f - 5 uncursed scrolls of magic mapping
  S - an uncursed scroll of scare monster
 Potions  ('!')
  p - an uncursed potion of speed
  y - 2 potions of unholy water
 Rings    ('=')
  K - an uncursed ring of cold resistance
 Wands    ('/')
  J - a wand of make invisible (0:0)
  E - a wand of striking named mprty (0:0)
 Tools    ('(')
  j - an uncursed credit card
  i - an expensive camera (0:39)
 Gems/Stones  ('*')
  r - an uncursed agate stone
  L - an uncursed worthless piece of orange glass

DiePARTEI the Tourist's attributes:

Background:
 You were an Excursionist, a level 7 male human Tourist.
 You were neutral, on a mission for The Lady
 who was opposed by Blind Io (lawful) and Offler (chaotic).
 You were right-handed.
 You were in Sokoban, on level 5.
 You entered the dungeon 5968 turns ago.
 You had 662 experience points, 618 more were needed to attain level 8.

Basics:
 You had 0 out of 68 hit points.
 You had all 38 energy points (spell power).
 Your armor class was 0.
 Your wallet contained 2980 zorkmids.
 Autopickup was off.

Final Characteristics:
 Your strength was 8 (peak:12, limit:18/100).
 Your dexterity was 13 (limit:18).
 Your constitution was 14 (limit:18).
 Your intelligence was 15 (limit:18).
 Your wisdom was 13 (limit:18).
 Your charisma was 16 (limit:18).

Final Status:
 You weren't hungry.
 You were burdened; movement was slightly slowed.
 You were bare handed.
 You had basic skill with bare handed combat.

Final Attributes:
 You were piously aligned.
 Your items were somewhat protected from fire.
 Your items were somewhat protected from cold.
 You were warded.
 Your spell casting was impaired by metallic armor.
 You were fast.
 You were unlucky.
 You are dead.

Miscellaneous:
 You didn't encounter any bones levels.
 Total elapsed playing time was 53 minutes and 19 seconds.

Major events:
 Turn
    1: DiePARTEI the neutral male human Tourist entered the dungeon
  527: entered the Gnomish Mines
  835: attained the rank of Sightseer (level 3)
 4002: attained the rank of Excursionist (level 6)
 4639: entered Sokoban
 4895: completed 1st Sokoban level
 5884: completed 2nd Sokoban level
 5968: killed by a yeti, while praying

Spells:
 Name                 Level Category     Fail Retention
 clairvoyance           3   divination   100%  76%-100%
 identify               3   divination   100%  76%-100%
 confuse monster        1   enchantment  100%  76%-100%

Skills:
 Fighting Skills
   bare handed combat [Basic]
   two weapon combat  [Unskilled]
   riding             [Unskilled]
 Weapon Skills
   dagger             [Unskilled]
   knife              [Unskilled]
   axe                [Unskilled]
   pick-axe           [Unskilled]
   short sword        [Unskilled]
   broadsword         [Unskilled]
   long sword         [Unskilled]
   two-handed sword   [Unskilled]
   saber              [Unskilled]
   mace               [Unskilled]
   morning star       [Unskilled]
   flail              [Unskilled]
   hammer             [Unskilled]
   quarterstaff       [Unskilled]
   polearms           [Unskilled]
   spear              [Unskilled]
   trident            [Unskilled]
   lance              [Unskilled]
   bow                [Unskilled]
   sling              [Unskilled]
   crossbow           [Unskilled]
   dart               [Skilled]
   shuriken           [Unskilled]
   boomerang          [Unskilled]
   whip               [Unskilled]
   unicorn horn       [Unskilled]
 Spellcasting Skills
   divination spells  [Unskilled]
   enchantment spells [Unskilled]
   escape spells      [Unskilled]

Voluntary challenges:
 Character rerolling was not enabled.
 You never genocided any monsters.
 You never changed form.
 You used no wishes.
 You violated the special Sokoban rules twice.
Achievements:
 You entered a shop.
 You entered the Gnomish Mines.
 You attained the rank of Sightseer.
 You attained the rank of Excursionist.
 You entered Sokoban.

 The Dungeons of Doom: levels 1 to 8
    Level 1:
       A fountain, a sink.
    Level 2:
       A general store, a fountain.
       Stairs down to The Gnomish Mines.
    Level 3:
       An altar.
    Level 4:
       A general store, a fountain.
    Level 5:
    Level 6:
    Level 7:
       Stairs up to Sokoban, level 6.
    Level 8:
 The Gnomish Mines:
    Level 3:
 Sokoban: levels 6 up to 5
    Level 5: <- You were here.
       Solved.
       Final resting place for
          you, killed by a yeti, while praying.
    Level 6:
       Solved.


Vanquished creatures:
  a black light
  2 gnome rulers
  a yeti
  a gold golem
  a lizard
  a snake
  a wood nymph
  a water nymph
  a pony
  2 yellow lights
  a gnome leader
  2 kobold mummies
  2 paper golems
  4 giant ants
  a dwarf
  2 kobold leaders
  a kobold shaman
  3 rothes
  a centipede
  2 dwarf zombies
  5 iguanas
  a gas spore
  3 hobbits
  a large kobold
  2 hobgoblins
  3 giant rats
  a cave spider
  3 gnomes
  2 geckos
  6 jackals
  a fox
  2 goblins
  a sewer rat
  5 grid bugs
  5 lichens
  2 kobold zombies
  4 newts
78 creatures vanquished.

No species were genocided or became extinct.

Game over:
                       ----------
                      /          \
                     /    REST    \
                    /      IN      \
                   /     PEACE      \
                  /                  \
                  |    DiePARTEI     |
                  |     2980 Au      |
                  | killed by a yeti |
                  |                  |
                  |                  |
                  |                  |
                  |       2026       |
                 *|     *  *  *      | *
        _________)/\\_//(\/(/\)/\//\/|_)_______

Aloha DiePARTEI the Tourist...

You died in Sokoban on dungeon level 5 with 5388 points,
and 2980 pieces of gold, after 5968 moves.
You were level 7 with a maximum of 68 hit points when you died.

